Cogmind - Beta 17 @@@ ROGUE MODE // 2026.08.17 @ 11:07:16 Player: THN-L0C Result: Destroyed by KH-3SU(R) with Subdweller Machine Gun Performance ------------- Evolutions (0) 0 Regions Visited (2) 400 Robots Destroyed (19) 95 Value Destroyed (493) 493 Prototype IDs (0) 0 Alien Tech Used (0) 0 Bonus (0) 0 TOTAL SCORE: 988 Bonus ------- None Cogmind --------- Core Integrity 0/250 Matter 275/300 Energy 56/100 System Corruption 0% Temperature Cool (6) Movement Rolling (110) Ox2 Location -10/Subcaves Parts ------- > --- POWER (1) -------- (None) > --- PROPULSION (2) --- Wheel > --- UTILITY (2) ------ Large Storage Unit Core Shielding > --- WEAPON (2) ------- Spread Laser Spread Laser > --- INVENTORY (15) --- Subdweller Monowheel Huge Storage Unit Subdweller Optics Improved Terrain Scanner Seismic Detector Weapon Shielding Particle Gun Particle Gun Particle Gun Spread Laser Spread Laser Subdweller Beam Cannon Improved Light Cannon Mining Laser Peak State ------------ > --- POWER ------------ Light Nuclear Core > --- PROPULSION ------- Light Treads Light Treads > --- UTILITY ---------- Improved Heat Sink Large Storage Unit > --- WEAPON ----------- Particle Gun Particle Gun > --- INVENTORY -------- Wheel Huge Storage Unit Improved Terrain Scanner Seismic Detector Core Shielding Particle Gun Particle Gun Particle Gun Spread Laser Spread Laser Spread Laser Spread Laser Improved Light Cannon Mining Laser [Rating: 15] Favorites ----------- Power Light Ion Engine Engine Light Ion Engine Power Core Light Nuclear Core Propulsion Light Treads Treads Light Treads Wheel Wheel Utility Large Storage Unit Device Seismic Detector Storage Large Storage Unit Protection Core Shielding Weapon Particle Gun Energy Gun Particle Gun Ballistic Gun Light Assault Rifle Ballistic Cannon Improved Light Cannon Special Weapon Mining Laser Build | -11 -10 -10 ------- Run | Yrd Mat Sub Slots Evolved . | . . . Power . | . . . Propulsion . | . . . Utility . | . . . Weapon . | . . . Parts Attached 23 | 8 8 7 Power 3 | 1 . 2 Engine 2 | 1 . 1 Core 1 | . . 1 Reactor . | . . . Propulsion 4 | 3 1 . Treads 3 | 2 1 . Leg . | . . . Wheel 1 | 1 . . Hover . | . . . Flight . | . . . Utility 5 | 2 2 1 Device 2 | 1 1 . Storage 2 | 1 1 . Processor . | . . . Hackware . | . . . Protection 1 | . . 1 Artifact . | . . . Weapon 11 | 2 5 4 Energy Gun 8 | 1 4 3 Energy Cannon . | . . . Ballistic Gun 1 | 1 . . Ballistic Cannon 1 | . . 1 Launcher . | . . . Special Weapon 1 | . 1 . Impact Weapon . | . . . Slashing Weapon . | . . . Piercing Weapon . | . . . Special Melee Weapon . | . . . Unidentified Prototypes . | . . . Parts Lost 9 | . 1 8 Power 3 | . . 3 Propulsion 2 | . . 2 Utility 1 | . . 1 Weapon 3 | . 1 2 Highest Loss Streak 5 | . 1 5 To Critical Strikes . | . . . Average Backups 12 | 1 11 14 Power . | . . . Propulsion . | . 1 . Utility 3 | . 3 4 Weapon 7 | . 6 8 Tool/Special . | . . . Unused Backups 11 | . 2 9 Power . | . . . Propulsion 1 | . . 1 Utility 4 | . . 4 Weapon 6 | . 2 4 Tool/Special . | . . . Average Slot Usage (%) 93 | . 99 89 Engine 12 | . 14 11 Treads 17 | . 27 8 Wheel 6 | . . 11 Device 13 | . 14 12 Storage 14 | . 14 14 Energy Gun 25 | . 25 25 Ballistic Cannon 1 | . . 2 Peak Build Rating 15 | 7 13 15 Average Rating 11 | 5 11 12 On Entrance 6 | . 7 13 Avg Prop Armor Cover (%) 11 | 10 . 11 Naked Turns . | . . . Heaviest Build 32 | 12 30 32 Greatest Support 40 | 40 40 40 Greatest Overweight (x) 3 | . . 3 Average Overweight (x) . | . . 1 Largest Inventory Capacity 15 | 8 15 15 Average Capacity 13 | 7 13 15 Most Carried 15 | 2 15 15 Average Carried 12 | 1 11 14 Final Capacity 15 | 8 15 15 Final Carried 15 | 2 15 14 Class Distribution -------------------- 100% | Mutant Dominant Class ---------------- Mutant | -10/Materials Mutant | -10/Subcaves Resources | -11 -10 -10 ----------- Run | Yrd Mat Sub Matter Collected 596 | 304 122 170 Remotely . | . . . Salvage Created 617 | 177 405 35 Parts 33 | 8 24 1 Haulers Intercepted . | . . . Recyclers Shooed 3 | 1 2 . Parts Field Recycled . | . . . Retrieved Matter . | . . . Parts Self-Destructed . | . . . Prevented . | . . . Parts Restored . | . . . Kills | -11 -10 -10 ------- Run | Yrd Mat Sub Combat Hostiles Destroyed 11 | . 9 2 Guns 10 | . 9 1 Cannons 1 | . . 1 Classes Destroyed 6 | 2 3 1 Worker 1 | . 1 . Tunneler 5 | 5 . . Recycler 1 | 1 . . Watcher 1 | . 1 . Grunt 9 | . 9 . Subdweller 2 | . . 2 Best Kill Streak 3 | 3 2 1 Combat Bots Only 2 | . 2 1 Max Kills in Single Turn 1 | 1 1 1 Gunslinging . | . . . Exploded . | . . . Melee . | . . . Uniques/NPCs Destroyed . | . . . Combat | -11 -10 -10 -------- Run | Yrd Mat Sub Hostile Shots Fired 106 | . 48 58 Missed 29 | . 11 18 Hits 77 | . 37 40 Projectile 77 | . 37 40 AOE 1 | . . 1 Critical Strikes 3 | . 2 1 Damage Taken 1464 | . 497 967 Core 257 | . 82 175 Absorbed by Shields . | . . . Redirected to Shielding 17 | . . 17 Regen/Repaired (Parts) 105 | . 105 . Core Remaining (%) 100 | 100 . . Volleys Fired 98 | 24 41 33 Largest 2 | 2 2 2 Hottest 130 | 70 130 130 Shots Fired 183 | 48 77 58 Gun 171 | 48 73 50 Cannon 8 | . . 8 Launcher . | . . . Special 4 | . 4 . Kinetic 42 | 24 10 8 Thermal 141 | 24 67 50 Explosive . | . . . Electromagnetic . | . . . Robot Hit Streak 19 | 8 12 19 Robot Miss Streak 4 | 3 3 4 Penetration Max . | . . . Secondary Targets . | . . . Shots Hit Robots 136 | 34 48 54 Core Hits 41 | 11 19 11 Critical Kills . | . . . Critical Parts Destroyed . | . . . Critical Strikes 3 | 1 1 1 Burn 2 | 1 1 . Blast 1 | . . 1 Melee Attacks . | . . . Impact . | . . . Slashing . | . . . Piercing . | . . . Sneak Attacks . | . . . Combat Hostiles . | . . . Follow-up Attacks . | . . . Damage Inflicted 1265 | 360 656 249 Guns 1123 | 360 656 107 Cannons 142 | . . 142 Explosions . | . . . Melee . | . . . Ramming . | . . . Kinetic 344 | 134 68 142 Thermal 921 | 226 588 107 Explosive . | . . . Electromagnetic . | . . . Impact . | . . . Slashing . | . . . Piercing . | . . . Highest Corruption . | . . . Average Corruption . | . . . Corruption Purged . | . . . Corruption Blocked . | . . . Overload Shots . | . . . Overflow Damage . | . . . Projectiles . | . . . Explosions . | . . . Melee . | . . . Knockbacks . | . . . Impact . | . . . Kinetic . | . . . Secondary . | . . . Self-Inflicted Damage . | . . . Shots . | . . . Rammed . | . . . Targets Rammed . | . . . Kicked . | . . . Crushed . | . . . Highest Temperature 240 | 150 240 128 Average Temperature 72 | 62 79 71 Received Heat Transfer 522 | . 306 216 Siege Activations . | . . . Martial Activations . | . . . Shielding Activations . | . . . Robots Disrupted . | . . . Combat Hostiles . | . . . Robots Corrupted . | . . . Combat Hostiles . | . . . Parts Fried . | . . . Impact Corruptions . | . . . Robots Melted . | . . . Combat Hostiles . | . . . Parts Melted 4 | 1 3 . Heat Transferred 2485 | 740 1554 191 Parts Sabotaged . | . . . Parts Stolen . | . . . Parts Stripped . | . . . Power Chain Reactions . | . . . Alert | -11 -10 -10 ------- Run | Yrd Mat Sub Maximum Alert Level . | . . . Low Security (%) 100 | 100 100 . Level 1 . | . . . Level 2 . | . . . Level 3 . | . . . Level 4 . | . . . Level 5 . | . . . High Security . | . . . Max Security . | . . . Peak Influence 73 | 10 73 . Initial . | . . . Average 9 | 1 10 . Influence Increases 310 | 30 280 . Destroy 0b10 Robot/C 180 | . 180 . Destroy 0b10 Robot/NC 40 | 30 10 . Destroy Leader 52 | . 52 . Successful Hack 16 | . 16 . Disable Machine 15 | . 15 . Destroy Structure 7 | . 7 . Influence Decreases 310 | 30 280 . Time Decay 300 | 30 270 . Lost Part 10 | . 10 . Squads Dispatched 2 | . 2 . Investigation . | . . . Extermination . | . . . Reinforcement 2 | . 2 . Assault . | . . . Garrison . | . . . Intercept . | . . . Searches Triggered . | . . . Construction Impeded . | . . . Haulers Reinforced . | . . . Active Scanning Responses . | . . . Cargo Convoy Interrupts . | . . . Stealth | -11 -10 -10 --------- Run | Yrd Mat Sub Distress Signals 1 | . 1 . Communications Jammed . | . . . Distress Signals . | . . . Times Spotted 27 | . 21 6 Peak Tracking Total 3 | . 3 3 Tactical Retreats . | . . . Traps | -11 -10 -10 ------- Run | Yrd Mat Sub Traps Triggered 3 | . 1 2 Indirectly . | . . . Trap Hack Attempts . | . . . Triggered . | . . . Disarmed . | . . . Reprogrammed . | . . . Reused . | . . . Traps Extracted . | . . . Installed . | . . . Triggered . | . . . Machines | -11 -10 -10 ---------- Run | Yrd Mat Sub Machines Disabled 1 | . 1 . Max in Single Turn 1 | . 1 . Machines Repaired . | . . . Machines Dismantled . | . . . Machines Sabotaged . | . . . Overloaded Fab Kills . | . . . Hacking | -11 -10 -10 --------- Run | Yrd Mat Sub Machines Accessed 7 | . 6 1 Terminals 5 | . 5 . Fabricators . | . . . Repair Stations 1 | . 1 . Recycling Units . | . . . Scanalyzers . | . . . Garrison Access . | . . . Total Hacks 22 | . 19 3 Successful 14 | . 11 3 Failed 8 | . 8 . Catastrophic . | . . . Database Lockouts . | . . . Manual 15 | . 15 . Terminals 15 | . 15 . Fabricators . | . . . Repair Stations 4 | . 4 . Recycling Units . | . . . Scanalyzers . | . . . Garrison Access . | . . . Terminal Hacks 3 | . . 3 Record 3 | . . 3 Fabricator Hacks . | . . . Repair Station Hacks 4 | . 4 . Scan Component 2 | . 2 . Repair 2 | . 2 . Recycling Unit Hacks . | . . . Scanalyzer . | . . . Garrison Access Hacks . | . . . Unauthorized Hacks 7 | . 7 . Terminals 7 | . 7 . Botnet 2 | . 2 . Skim 5 | . 5 . Fabricators . | . . . Repair Stations . | . . . Recycling Units . | . . . Scanalyzers . | . . . Garrison Access . | . . . Data Cores Recovered . | . . . Used . | . . . Hacking Detections 6 | . 6 . Full Trace Events 1 | . 1 . Feedback Events . | . . . Feedback Blocked . | . . . Robot Schematics Acquired . | . . . Robots Built . | . . . Authchips . | . . . Time . | . . . Total Robot Build Rating . | . . . Part Schematics Acquired . | . . . Parts Built . | . . . Authchips . | . . . Time . | . . . Total Part Build Rating . | . . . Part Studies Acquired . | . . . Parts Repaired 2 | . 2 . Time 52 | . 52 . Parts Recycled . | . . . Recycled Matter . | . . . Retrieved Matter . | . . . Retrieved Components . | . . . Parts Scanalyzed . | . . . Part Schematics Acquired . | . . . Parts Damaged . | . . . Bothacking | -11 -10 -10 ------------ Run | Yrd Mat Sub Used RIF Installer . | . . . Robots Hacked . | . . . Non-combat . | . . . Combat . | . . . Robot Hacks Applied . | . . . Relay Couplers Released . | . . . Fabnet Peak Effective % . | . . . Robots Rewired . | . . . Allies Hacked . | . . . Hacks Repelled . | . . . Allies | -11 -10 -10 -------- Run | Yrd Mat Sub Total Allies . | . . . Largest Group . | . . . Highest-Rated Group . | . . . Highest-Rated Ally . | . . . Total Orders . | . . . Ally Attacks . | . . . Total Damage . | . . . Kills . | . . . Allies Corrupted . | . . . Allies Melted . | . . . Intel | -11 -10 -10 ------- Run | Yrd Mat Sub Active Infowar (turns) 1797 | 32 215 1550 Seismic 1797 | 32 215 1550 Robot Analysis Total . | . . . Derelict Logs Recovered 3 | . . 3 Drone Launches . | . . . Drone Recoveries . | . . . Exploration | -11 -10 -10 ------------- Run | Yrd Mat Sub Turns Passed 3396 | 216 1406 1774 Spaces Moved 1253 | 85 531 637 Core 4 | 4 . . Treads 807 | 81 531 195 Legs . | . . . Wheels 442 | . . 442 Hover . | . . . Flight . | . . . Fastest Speed 50 | 50 160 110 Average Speed 148 | 154 160 138 Slowest Speed 240 | 160 160 240 Overloaded Moves . | . . . Propulsion Burnouts . | . . . Robots Hopped . | . . . Potential Cave-ins . | . . . Cave-ins Triggered . | . . . Exploration Rate (%) 47 | 7 96 39 Regions Visited 2 Branch Regions 1 Pre-discovered Areas 3 | . . 3 Known Exits Taken . | . . . Unknown Exits Taken 2 | 1 1 . Scrap Searched 2 | . . 2 Spaces Dug 3 | . 3 . Terrain Destroyed 4 | . 4 . Melee . | . . . Projectile 4 | . 4 . AOE . | . . . Terrain Rammed . | . . . Walls Destroyed . | . . . Machines Disabled . | . . . Actions | -11 -10 -10 --------- Run | Yrd Mat Sub Total 2594 | 123 1008 1463 Wait 1174 | 5 398 771 Move 1251 | 84 530 637 Hop . | . . . Pick Up 23 | 1 18 4 Fast Attach 10 | 8 1 1 Attach 6 | . 1 5 Detach 1 | 1 . . Swap 23 | . 11 12 Drop 8 | . 8 . Fire 98 | 24 41 33 Melee . | . . . Ram . | . . . Kick . | . . . Crush . | . . . Escape Stasis . | . . . Rewire . | . . . Trap . | . . . Miscellaneous . | . . . Route ------- -11/Scrapyard -10/Materials (discovered 6 exits: [*Mat x3] / [*Min x2] / *Sub) -10/Subcaves (discovered 3 exits: Mat x2 / Rec) History --------- Turn | Location | Event 7 | -11/Scrapyard | Discovered new exit (range 16) 217 | -11/Scrapyard | Entered Materials 222 | -10/Materials | Discovered new exit (range 3) 313 | -10/Materials | Build established: Mutant 494 | -10/Materials | Discovered new exit (range 14) 702 | -10/Materials | Discovered new exit (range 10) 953 | -10/Materials | Discovered new exit (range 4) 1002 | -10/Materials | Repaired Seismic Detector 1029 | -10/Materials | Repaired Lgt. Treads 1194 | -10/Materials | Discovered new exit (range 16) 1250 | -10/Materials | Learned 2 Storage zone layouts 1310 | -10/Materials | Learned Storage stockpile data 1326 | -10/Materials | Learned Storage stockpile data 1333 | -10/Materials | Learned location of 2 exits from Subcaves 1349 | -10/Materials | Learned Recycling recycling unit intel 1601 | -10/Materials | Discovered new exit (range 6) 1623 | -10/Materials | Entered Subcaves 1624 | -10/Subcaves | Identified exit to Materials 1624 | -10/Subcaves | Identified exit to Recycling 1766 | -10/Subcaves | Learned location of Mines (-10) 1836 | -10/Subcaves | Disturbed a concealed Subdweller 1913 | -10/Subcaves | Core integrity fell below 50% 1935 | -10/Subcaves | Lost 5 parts (2p1n1u1w) 2137 | -10/Subcaves | Visited Clippyterm 2140 | -10/Subcaves | Learned location of Extension (-5) 2927 | -10/Subcaves | Core integrity fell below 20% 3363 | -10/Subcaves | A Subdweller sparked back to life 3363 | -10/Subcaves | A Subdweller sparked back to life 3397 | -10/Subcaves | Destroyed by KH-3SU(R) with Subdweller Machine Gun Last Messages --------------- 02194_ Acquired Mak. Power Source. 02295_ KA-5CF(R) destroyed. 02297_ Acquired 31 matter. 02318_ Acquired 4 matter. 02457_ Triggered Shrapnel Trap. 02457_ An expanding cloud of shrapnel blasts out in all directions. 02457_ Lgt. Treads destroyed. 02926_ Triggered Piercing Trap. 02926_ Spikes shoot up from the floor. 02926_ Critical hit (Impale). 03277_ O0-CK7(R) destroyed. 03279_ Subatomizers dissect the Sub. Optics. 03280_ Acquired 11 matter. 03288_ Acquired Sub. Optics. 03331_ Acquired 10 matter. 03363_ 21-DCV(R) creaks and sparks as it begins to move. 03363_ KH-3SU(R) creaks and sparks as it begins to move. 03363_ Particle Gun destroyed. 03366_ Subatomizers dissect the Wheel. 03393_ Mak. Power Source destroyed. Map ----- +----------------------------------------------------+ | ???????????????????????# #####????????????? | | ??????????????????????## " #????????????? | | ??????????????????????# " #????????????? | | ?????????????????????## #????????????? | | ????????????????????## " #????????????? | | ??????????????????### " " ##????????????? | | ??????????????????# ###?????????????? | | ??????????????????## ##?????????????? | | ???????????????????# &% #?????????????? | | ???????????????????###### #?????????????? | | ???????????????????###"## #?????????????? | | ???????????????????# #?????????????? | | ???????????????????# #?????????????? | | ???????????????????## #?????????????? | | ???????????????????## ### ##?????????????? | | ???????????????????# ######??????????????? | | ???????????????????# ##?????????????????? | | ??????????????????## %R ##????????????????? | | ?????????????????## = #????????????????? | | ?????????????????# R ##???????????????? | | ?????????????????# #???????????????? | | ????????????????## ##??????????????? | | ????????????????# ##?????????????? | | ????????????????# #?????????????? | | ????????????????# #?????????????? | | ????????????????# ###@ ##?????????????? | | ????????????????# ??# #??????????????? | | ????????????????### ??# #??????????????? | | ??????????????????# ??#####??????????????? | | ??????????????????# ?????????????????????? | | ?????????????????? ?????????????????????? | | ????????????????? ? ??????????????????????? | | ???????????????????????????????????????????? | | ???????????????????????????????????????????? | | ???????????????????????????????????????????? | | ???????????????????????????????????????????? | | ???????????????????????????????????????????? | | ???????????????????????????????????????????? | | ???????????????????????????????????????????? | | ???????????????????????????????????????????? | | ???????????????????????????????????????????? | | ???????????????????????????????????????????? | | ???????????????????????????????????????????? | | ???????????????????????????????????????????? | | ???????????????????????????????????????????? | | ???????????????????????????????????????????? | | ???????????????????????????????????????????? | | ???????????????????????????????????????????? | | ???????????????????????????????????????????? | | ???????????????????????????????????????????? | +----------------------------------------------------+ Best States ------------- Heat Dissipation 39 Energy Generation 15 Energy Capacity 170 Matter Stores 300 Matter Capacity 300 Sight Range 16 Terrain Scan Density 10 Core Shielding 20 Evasion (%) 40 Recoil Reduction 2 Item Schematics ----------------- None Robot Schematics ------------------ None Fabricated ------------ Nothing Repaired ---------- Seismic Detector | 15% | -10/Materials Lgt. Treads | 37% | -10/Materials Studied --------- None Alien Tech Used ----------------- None Achievements -------------- None Challenges ------------ None Game ------ Seed AntisysShiftTelecube Manual? 0 Play Time 00:17:05 Cumulative 436.4 hours Start 2026.08.17 @ 10:50:53 End 2026.08.17 @ 11:07:16 Sessions 1 Manual Loads 0 Difficulty Rogue Special Mode None Game No. 323 Rogue 323 Adventurer 0 Explorer 0 Win Type - Total 9 Types 4/0/3/2/0/0/0/0/0/0 Lore% 78 Gallery% 73 Achievement% 55 Wizard Run 0 Options --------- Layout 2 ASCII 0 Keyboard 1 Movement Vi Keybinds 0 Fullscreen 2 Font 32/SmallcapsGlow Map View 77x44 Zoom Use 0% Tactical HUD 1 Map Filters NONE Filters NONE Steam 1 RUN: d4eddd91-ea9a-4750-ac4f-7f7a96eea2cd